 Dungeon Crawl Stone Soup version 0.31-b1-20-g67cafac56d (webtiles) character file.

Game seed: 15669628619269843559

1 Esekla the Sneak (level 1, 16/16 HPs)
             Began as an Octopode Delver on Jan 17, 2024.
             Quit the game on level 5 of the Dungeon.
             The game lasted 00:01:22 (75 turns).

Esekla the Sneak (Octopode Delver)                    Turns: 75, Time: 00:01:23

Health: 16/16      AC:  1    Str: 11    XL:     1   Next: 20%
Magic:  1/1        EV: 13    Int: 12    God:
Gold:   15         SH:  0    Dex: 13    Spells: 0/0 levels left

rFire   . . .        a - +0 falchion
rCold   . . .        (no shield)
rNeg    . . .        (helmet restricted)
rPois   .            (no amulet)
rElec   .            (no ring)
rCorr   .            (no ring)
SInv    .            (no ring)
Will    .....        (no ring)
Stlth   ++++         (no ring)
HPRegen 0.22/turn    (no ring)
MPRegen 0.07/turn    (no ring)
                     (no ring)

%: no passive effects
@: no status effects
A: almost no armour, amphibious, 8 rings, camouflage 1, gelatinous body 1,
(nimble swimmer 1), tentacles
a: no special abilities


You were on level 5 of the Dungeon.
You visited 1 branch of the dungeon, and saw 1 of its levels.

You collected 15 gold pieces.

Inventory:

Hand Weapons
 a - a +0 falchion (weapon)
Missiles
 c - 6 boomerangs (quivered)
Wands
 f - a wand of digging (2)
Scrolls
 b - a scroll of fog
 d - a scroll of fear
 g - a scroll of revelation
Potions
 e - a potion of haste


   Skills:
 * Level 3.0 Fighting
 * Level 2.0 Long Blades
 * Level 2.0 Dodging
 + Level 6.6 Stealth


You couldn't memorise any spells.
You didn't know any spells.
Your spell library was empty.

Dungeon Overview and Level Annotations

Branches:
Dungeon (5/15)
 Temple: D:4-7

Altars:
Elyvilon


Innate Abilities, Weirdness & Mutations

You cannot wear most types of armour.
You are amphibious.
You can wear up to eight rings at the same time.
Your skin changes colour to match your surroundings (Stealth+).
Your rubbery body absorbs attacks. (AC +1, EV +1)
((You are camouflaged when in or above water. (Stealth+)))
You have tentacles for arms and can constrict up to eight enemies at once.


Message History

Welcome, Esekla the Octopode Delver.
They say the Orb of Zot lies within this dungeon, but they say a lot of things.
Press ? for a list of commands and other information.
Found a bardiche.
Found a stone staircase leading down.
As you read the scroll of revelation, it crumbles to dust.
You feel aware of your surroundings.
You sensed 1 altar, and 1 shop/portal.
An iguana and a quokka come into view.
Found an escape hatch in the floor.
Found a stone staircase leading up.
Found 15 gold pieces.
The helpless quokka fails to defend itself.
You hit the quokka. You grab the quokka. Your squeeze misses the quokka.
The quokka is severely wounded.
You constrict the quokka, but do no damage.
The quokka barely misses you.
You hit the quokka.
You kill the quokka!
You see here a quokka corpse.
Found a rapier.
You now have 15 gold pieces.
Found a thin jewelled staff.
Found 6 boomerangs.
You see here a staff of earth.
You see here 6 boomerangs.
c - 6 boomerangs An iguana comes into view.
The iguana moves out of view.
Aiming: Dig
Press: ? - help, Shift-Dir - straight line A rock wall.
The rock shatters into small pieces.
Found a robe and 8 stones.
You hear the slow rusting of a drain very nearby.
Found a scroll of revelation.
Found a leather armour.
g - a scroll of revelation You see here a +0 leather armour.
You open the large door.
Found a white marble altar of Elyvilon.
Found an escape hatch in the floor.
There is a large open door here.
Are you sure you want to abandon this character and quit the game? (Confirm with "yes".)

*****,,,,,,,* ****
#.,,,,,,,,,,*
#.**##,******
#.###..####
#...,.....##########
#..######...........
#..#≈≈≈≈#.#.########
*#.'≈8_≈#.#.#
#.@≈>.≈#.#.#
#.#≈≈≈≈#...#
#.######..##
#.[.......#
#######...# #####


There were no monsters in sight!

Vanquished Creatures
  A quokka (D:5)
1 creature vanquished.

Notes
Turn   | Place    | Note
-------+----------+-------------------------------------------
     0 | D:5      | Esekla the Octopode Delver began the quest for the Orb.
     0 | D:5      | Reached XP level 1. HP: 16/16 MP: 1/1
     7 | D:5      | Noticed an iguana
    31 | D:5      | Noticed an iguana
    73 | D:5      | Found a white marble altar of Elyvilon.
    75 | D:5      | Quit the game

Illustrated notes

Levels and vault maps discovered:
D:5:      layout_basic, general_overflow_altar,
          mainiacjoe_sewer_entry_somewhere_in_here_2

Action                     || total
---------------------------++-------
  Melee: Falchion          ||     2
         Constrict         ||     1
  Evoke: Wand              ||     1
    Use: Scroll            ||     1
   Stab: Sleeping          ||     1
  Dodge: Dodged            ||     1
